 Dungeon Crawl Stone Soup version 0.22-a0-159-g7ce444fdad (webtiles) character file.

160 MrRokkomies the Bolt Thrower (level 5, -2/44 HPs)
             Began as a Barachi Hunter on Feb 10, 2018.
             Slain by a gnoll
             ... wielding a +0 halberd
              (12 damage)
             ... on level 2 of the Dungeon.
             The game lasted 00:06:01 (1470 turns).

MrRokkomies the Bolt Thrower (Barachi Hunter)       Turns: 1470, Time: 00:06:01

Health: -2/44      AC:  6    Str: 14    XL:     5   Next: 41%
Magic:  5/5        EV:  9    Int: 11    God:
Gold:   32         SH:  0    Dex: 13    Spells: 4/4 levels left

rFire    + + .     SeeInvis .   a - +1 hand crossbow
rCold    . . .     Gourm    .   (no shield)
rNeg     . . .     Faith    .   n - +1 scale mail {MR+}
rPois    .         Spirit   .   (no helmet)
rElec    .         Reflect  .   (no cloak)
rCorr    .         Harm     .   g - +0 pair of gloves
MR       +....     Clarity  +   (no boots)
Stlth    ..........             j - amulet of the acrobat
HPRegen  0.14/turn              (no ring)
MPRegen  0.09/turn              (no ring)

@: drained, slow
A: +LOS, swims, rugged brown scales 1, clarity, deformed body, fire resistance
2, slowness 1, strong legs 1
a: Hop


You were on level 2 of the Dungeon.
You were not hungry.

You visited 1 branch of the dungeon, and saw 2 of its levels.

You collected 32 gold pieces.

Inventory:

Hand Weapons
 a - a +1 hand crossbow (weapon)
 b - a +2 mace of draining
Missiles
 d - 6 bolts (quivered)
Armour
 g - a +0 pair of gloves (worn)
 n - a +1 scale mail of magic resistance (worn)
Jewellery
 j - an amulet of the acrobat (around neck)
Potions
 i - a potion of invisibility {unknown}
Comestibles
 f - 3 rations


   Skills:
 * Level 4.9(4.1) Fighting
 * Level 5.4(4.6) Crossbows
 - Level 2.1(1.4) Dodging
 - Level 0.8(0.1) Stealth


You had 4 spell levels left.
You didn't know any spells.

Dungeon Overview and Level Annotations

Branches:
Dungeon (2/15)

Altars:


Innate Abilities, Weirdness & Mutations

Shadows flee at your approach. (+LOS)
You can swim through water.
You cover ground slowly.
You can hop short distances.
You are partially covered in rugged brown scales. (AC +1, +3% HP)
You possess an exceptional clarity of mind.
Armour fits poorly on your strangely shaped body.
Your flesh is very heat resistant. (rF++)


Message History

The gnoll hits you from afar with a spear!
* * * LOW HITPOINT WARNING * * *
Firing (i - inventory)
d - 7 bolts (quivered)
Press: ? - help, Shift-Dir - straight line, f/p - gnoll
Aim: a gnoll, wielding a spear (severely wounded)
You shoot a bolt. The bolt hits the gnoll!
You kill the gnoll!
It was a potion of curing.
You feel better. The gnoll misses you.
As you read the scroll labeled GYPLUU LYWOHOD, it crumbles to dust.
It is a scroll of amnesia.
You feel forgetful for a moment.
The gnoll hits you from afar with a halberd.
* * * LOW HITPOINT WARNING * * *
As you read the scroll labeled KOEXKEO EBIFF, it crumbles to dust.
You feel blessed for a moment.
It was a scroll of remove curse.
The gnoll hits you but does no damage.
As you read the scroll labeled VEVOBU NATOZ, it crumbles to dust.
You feel aware of your surroundings.
It was a scroll of magic mapping.
The gnoll hits you from afar with a halberd!
You die...

#####...#######.####.###
###.# #.# #.# #.# #.#
#.# #.# **#.# #.# #.#
*,..# #.# #(# *,##* #.#
#.# *,# #.# #.# *.# #.#
#@# *#.######.#** #)#
*#..........,,
#g###...........,*
#.##.......###.#.*
#)##g..<.......#.*
#...g......#####.#
#####........,**,#
*#(..####,**,*
*#(##***,**,*


You could see a gnoll.

Vanquished Creatures
  Terence (D:2)
  Natasha (twice) (D:2)
  An adder (D:2)
  3 gnolls (D:2)
  2 dart slugs (D:1)
  3 leopard geckos
  3 bats
  A giant cockroach (D:1)
  6 goblins
  6 hobgoblins
  5 jackals (D:1)
  A quokka (D:2)
  3 frilled lizards
  2 kobolds (D:2)
  3 rats
42 creatures vanquished.

Notes
Turn   | Place    | Note
-------+----------+-------------------------------------------
     0 | D:1      | MrRokkomies the Barachi Hunter began the quest for the Orb.
     0 | D:1      | Reached XP level 1. HP: 17/17 MP: 1/1
    70 | D:1      | Reached XP level 2. HP: 23/23 MP: 2/2
   237 | D:1      | Reached XP level 3. HP: 25/29 MP: 3/3
   799 | D:1      | Gained mutation: Armour fits poorly on your strangely shaped body. [potion of mutation]
   799 | D:1      | Gained mutation: You are partially covered in rugged brown scales. (AC +1, +3% HP) [potion of mutation]
   799 | D:1      | Gained mutation: You are clumsy. (Dex -2) [potion of mutation]
   799 | D:1      | Gained mutation: Your mind is acute. (Int +2) [potion of mutation]
   800 | D:1      | Lost mutation: You are clumsy. (Dex -2) [potion of mutation]
   800 | D:1      | Lost mutation: Your mind is acute. (Int +2) [potion of mutation]
   800 | D:1      | Gained mutation: Your flesh is heat resistant. (rF+) [potion of mutation]
   800 | D:1      | Gained mutation: Your flesh is very heat resistant. (rF++) [potion of mutation]
   800 | D:1      | Gained mutation: You possess an exceptional clarity of mind. [potion of mutation]
  1066 | D:2      | Noticed Terence
  1082 | D:2      | Killed Terence
  1082 | D:2      | Reached XP level 4. HP: 32/38 MP: 4/4
  1149 | D:2      | Noticed Natasha
  1155 | D:2      | Killed Natasha
  1155 | D:2      | Reached skill level 5 in Crossbows
  1255 | D:2      | Noticed Natasha
  1259 | D:2      | Killed Natasha
  1259 | D:2      | Reached XP level 5. HP: 37/44 MP: 5/5
  1470 | D:2      | Slain by a gnoll

Vault maps used:
D:1:      erik_arrival_blinker_ship
D:2:      uniq_terence, uniq_natasha

Skill      XL: |  1  2  3  4 |
---------------+-------------+-----
Fighting       | 3 4 |  4.9
Crossbows      | 5 |  5.4
Dodging        | |  2.1
Stealth        | |  0.8

Action                   |  1- 3 |  4- 6 || total
-------------------------+-------+-------++-------
Melee: Short sword       |    79 |       ||    79
       Mace              |       |    26 ||    26
 Fire: Hand crossbow     |    37 |    11 ||    48
  Use: Potion            |     3 |     1 ||     4
       Scroll            |     2 |     3 ||     5
  Eat: Chunk             |       |     2 ||     2
Armor: Leather armour    |    21 |       ||    21
       Scale mail        |    24 |    17 ||    41
Dodge: Dodged            |    76 |    35 ||   111

Table legend:
 A = Spawn XP
 B = Non-spawn XP
 C = Spawn XP percentage of total XP
 D = Spawn monster count
 E = Non-spawn monster count
 F = Spawn count percentage of total count
 G = Total turns spent on level
                    A         B        C        D         E        F      G
               +---------+---------+-------+---------+---------+-------+---------
         Total |       0 |     229 |   0.0 |       0 |      42 |   0.0 |  1470
               +---------+---------+-------+---------+---------+-------+---------
           D:1 |       0 |      50 |   0.0 |       0 |      24 |   0.0 |   833
           D:2 |       0 |     179 |   0.0 |       0 |      18 |   0.0 |   637
               +---------+---------+-------+---------+---------+-------+---------
